 Dungeon Crawl Stone Soup version 0.14-a0-2542-g51e44bb (webtiles) character file.

233 Herrn the Charlatan (level 4, 0/36 HPs)
             Began as a Djinni Artificer on Feb 10, 2014.
             Slain by a green rat (2 damage)
             ... on Level 3 of the Dungeon.
             The game lasted 00:08:41 (2220 turns).

Herrn the Charlatan (Djinni Artificer)              Turns: 2220, Time: 00:08:41

HP   0/36        AC 11     Str 11      XL: 4   Next: 64%
MP   0/0         EV  0     Int 13      God:
Gold 121         SH  0     Dex 14      Spells:  0 memorised,  3 levels left

rFire  + + +     SeeInvis .     a - +0 short sword
rCold  x . .     Clarity  .     i - +0 plate armour
rNeg   + + +     Conserve .     (no shield)
rPois  .         rCorr    .     l - +0 helmet
rElec  .         rRot     .     (no cloak)
SustAb . .       Spirit   .     (no gloves)
rMut   .         Warding  .     (boots unavailable)
Saprov . . .     Stasis   .     (no amulet)
MR     .....                    (no ring)
                                (no ring)

@: flying, not resistant to hostile enchantments, extremely unstealthy
A: fire immunity, cold vulnerability, life protection 3
a: no special abilities


You were on level 3 of the Dungeon.
You were not hungry.

You visited 1 branch of the dungeon, and saw 3 of its levels.

You collected 121 gold pieces.

Inventory:

Hand weapons
 a - a +0,+0 short sword (weapon)
Armour
 i - a +0 plate armour (worn)
 k - a +1 elven leather armour of cold resistance
 l - a +0 helmet (worn)
Magical devices
 b - a wand of flame (11)
 c - a wand of enslavement (10)
 d - a wand of random effects (15)
 o - a wand of slowing (10)
Scrolls
 e - a scroll of amnesia
 g - a scroll of teleportation
 h - a scroll of curse weapon
 j - a scroll of remove curse {unknown}
 p - a scroll of recharging
Potions
 f - a potion of might {unknown}
 m - a potion of agility {unknown}
 n - a potion of flight {unknown}
 q - 2 potions of poison {unknown}


   Skills:
 * Level 2.2 Fighting
 - Level 0.7 Short Blades
 - Level 1.7 Dodging
 - Level 0.7 Stealth
 + Level 5.6 Evocations


You had 3 spell levels left.
You didn't know any spells.

Dungeon Overview and Level Annotations

Branches:
Dungeon (3/16)

Altars:


Innate Abilities, Weirdness & Mutations

You are immune to all types of fire, even holy and hellish.
You are vulnerable to cold.
You need no food.
You have no legs.
You are immune to negative energy.


Message History

The green rat bites you.
* * * LOW HITPOINT WARNING * * *
You hit the green rat.
The green rat is severely wounded.
The green rat bites you but does no damage.
Your plate armour prevents you from hitting the green rat.
The green rat is severely wounded.
The green rat completely misses you.
You hit the green rat.
The green rat is almost dead.
The green rat bites you.
* * * LOW HITPOINT WARNING * * *
You hit the green rat but do no damage.
The green rat is almost dead.
The green rat bites you.
* * * LOW HITPOINT WARNING * * *
Your plate armour prevents you from hitting the green rat.
The green rat is almost dead.
The green rat bites you.
You die...

#..........
#.....?.....
#...........
#...........
+...........#
#...........#
#rrrr.......#
##r#########
#@## #..####
##....#
####.# ###'##
#....# .
#....# .#
+..%.# .
#....#


You could see a green rat, a grey rat and 2 rats.

Vanquished Creatures
  A gnoll (D:3)
  5 adders (D:2)
  A worm (D:2)
  4 giant geckos
  3 giant cockroaches
  6 hobgoblins
  8 jackals
  A ball python (D:3)
  4 bats
  3 giant newts
  7 goblins
  6 kobolds (D:2)
  3 rats (D:2)
52 creatures vanquished.

Vanquished Creatures (collateral kills)
  A goblin (D:3)
1 creature vanquished.

Grand Total: 53 creatures vanquished

Notes
Turn   | Place    | Note
--------------------------------------------------------------
     0 | D:1      | Herrn, the Djinni Artificer, began the quest for the Orb.
     0 | D:1      | Reached XP level 1. HP: 13/13 MP: 0/0
    42 | D:1      | Reached skill level 1 in Fighting
   275 | D:1      | Reached XP level 2. EP: 21/21
   303 | D:1      | Reached skill level 4 in Evocations
   953 | D:2      | Reached XP level 3. EP: 12/28
  1203 | D:2      | Reached skill level 5 in Evocations
  1476 | D:2      | Reached XP level 4. EP: 27/36
  2220 | D:3      | Slain by a green rat

Action                   |  1- 3 |  4- 6 || total
-------------------------+-------+-------++-------
Melee: Short sword       |   204 |   133 ||   337
Evoke: Wand              |     4 |     6 ||    10
  Use: Potion            |     1 |       ||     1
       Scroll            |       |     4 ||     4
